 Dungeon Crawl Stone Soup version 0.31-a0-210-gccc998df9b (webtiles) character file.

Game seed: 7884232371779516734

749 Ofeo the Conjurer (level 7, -15/62 HPs)
             Began as an Armataur Reaver on July 1, 2023.
             Demolished by an ogre
             ... wielding a +0 giant spiked club
              (27 damage)
             ... on level 5 of the Dungeon.
             The game lasted 00:05:48 (5998 turns).

Ofeo the Conjurer (Armataur Reaver)                 Turns: 5998, Time: 00:05:49

Health: -15/62     AC: 13    Str: 20    XL:     7   Next: 48%
Magic:  21/21      EV:  4    Int: 13    God:
Gold:   116        SH:  0    Dex:  8    Spells: 12/13 levels left

rFire   . . .        a - +2 mace (protect)
rCold   . . .        (no shield)
rNeg    . . .        n - +0 plate armour
rPois   .            v - +0 helmet
rElec   .            x - +0 cloak
rCorr   .            A - +2 pair of gloves {Stlth+}
SInv    .            (no barding)
Will    .....        (no amulet) Stlth
                     t - ring of magical power
HPRegen 0.30/turn    (no ring)
MPRegen 0.17/turn

%: roll
@: no status effects
A: large, rugged brown scales 3, deformed body, armoured tail, roll, long
tongue, awkward tongue
a: no special abilities


You were on level 5 of the Dungeon.
You visited 1 branch of the dungeon, and saw 5 of its levels.

You collected 266 gold pieces.
You spent 150 gold pieces at shops.

Inventory:

Hand Weapons
 a - a +2 mace of protection (weapon)
 b - a +1 dagger of venom
 c - a +2 arbalest of draining
 k - a +0 hand axe
Missiles
 y - a throwing net
Armour
 n - a +0 plate armour (worn)
 v - a +0 helmet (worn)
 x - a +0 cloak (worn)
 A - a +2 pair of gloves of stealth (worn)
Jewellery
 t - a ring of magical power (left hand)
Wands
 p - a wand of flame (13)
 u - a wand of roots (1)
Scrolls
 d - a scroll of amnesia {unknown}
 f - 4 scrolls of teleportation {unknown}
 h - a scroll of poison
 i - 2 scrolls of identify {@r1}
 l - a scroll of enchant weapon {unknown}
 m - 2 scrolls of revelation {unknown}
 r - a scroll of immolation {unknown}
 s - a scroll of silence
 z - a scroll of vulnerability {unknown}
Potions
 e - a potion of cancellation
 j - 3 potions of lignification
 o - 2 potions of ambrosia {unknown}
 q - 4 potions of curing {@q1}


   Skills:
 + Level 3.7 Fighting
 + Level 3.9 Axes
 + Level 3.1 Dodging
 + Level 3.5 Spellcasting
 + Level 4.3 Conjurations


You had 12 spell levels left.
You knew the following spells:

 Your Spells              Type           Power      Damage    Failure   Level
a - Kiss of Death         Conj/Necr      28%        2d7       98%         1

Your spell library contained the following spells:

 Spells                   Type           Power      Damage    Failure   Level
 Momentum Strike          Conj/Tloc      14%        3d8       99%         2
 Hailstorm                Conj/Ice       7%         3d4       100%        3
 Olgreb's Toxic Radiance  Pois           2%         N/A       100%        4
 Discord                  Hex            1%         N/A       100%        8
 Ignition                 Fire           1%         3d3       100%        8


Dungeon Overview and Level Annotations

Branches:
Dungeon (5/15)
 Temple: D:4-7

Altars:
Sif Muna
Uskayaw

Shops:
D:5 [[:

Annotations:
D:4 1 runed translucent door, Crazy Yiuf


Innate Abilities, Weirdness & Mutations

You are completely covered in rugged brown scales. (AC +3, +7% HP)
Armour fits poorly on your strangely shaped body.
You have a long armoured tail.
You roll when moving toward enemies. (Rampage)
Your long tongue fully drains potion bottles. (2x potion effects)
Your tongue gives you trouble enunciating. (1.5x scroll delay)


Message History

Health restored: 62 A magic dart appears from out of thin air!
The magic dart hits you but does no damage.
There are no items here.
Unknown command.
The hound pauses to sniff the ground.
You roll towards the ogre!
You barely miss the ogre.
Your tail-slap misses the ogre.
The ogre barely misses you.
You hit the ogre.
Your weapon exudes an aura of protection.
You tail-slap the ogre.
The ogre is lightly wounded.
The ogre hits you with a +0 giant spiked club!
You take 12 damage, and have 50/62 hp.
You hit the ogre.
You tail-slap the ogre, but do no damage.
The ogre is moderately wounded.
You thump the ogre!
The ogre is heavily wounded.
The ogre hits you with a +0 giant spiked club!!
You take 18 damage, and have 32/62 hp.
MASSIVE DAMAGE!!
You closely miss the ogre.
Your tail-slap misses the ogre.
The ogre is heavily wounded.
The ogre barely misses you.
You sock the ogre! You tail-slap the ogre!
The ogre is almost dead.
The ogre hits you with a +0 giant spiked club.
You take 3 damage, and have 30/62 hp.
You barely miss the ogre.
The ogre is almost dead.
The ogre hits you with a +0 giant spiked club!!
* * * LOW HITPOINT WARNING * * *
You take 18 damage, and have 12/62 hp.
MASSIVE DAMAGE!!
You barely miss the ogre.
The ogre is almost dead.
The ogre completely misses you.
You barely miss the ogre.
The ogre is almost dead.
The ogre hits you with a +0 giant spiked club!!
You die...

..##..[##......
#.#.##..#.....#......
#.#.....#....$#......
#...###.#?.$[.#.#####
#..##.###+...##.# #
#..#l$$+.###'#.## #
#..##s###+##..##
#...#####$)##.##
#.@Os#fh(?#..#
####S#OW!.#..#
#.##[.##..#
#..####...#
##S.......#
.............##
.#############


You could see 2 ogres, a phantom, a sleepcap, 2 scorpions, an iguana, a hound
and an adder.

Vanquished Creatures
  2 water moccasins (D:5)
  A black bear (D:4)
  An ogre (D:5)
  A phantom (D:5)
  A hound (D:4)
  Robin (D:4)
  10 gnolls
  3 adders
  2 ufetubi (D:4)
  A worm (D:2)
  11 orcs
  8 endoplasms
  3 giant cockroaches
  10 goblins
  9 hobgoblins
  5 jackals
  2 quokkas
  10 ball pythons
  4 bats
  3 frilled lizards (D:2)
  7 kobolds
  5 rats
100 creatures vanquished.

Notes
Turn   | Place    | Note
-------+----------+-------------------------------------------
     0 | D:1      | Ofeo the Armataur Reaver began the quest for the Orb.
     0 | D:1      | Reached XP level 1. HP: 18/18 MP: 3/3
   467 | D:1      | Reached XP level 2. HP: 22/25 MP: 4/4
  1460 | D:2      | Reached XP level 3. HP: 21/31 MP: 6/6
  1561 | D:2      | Reached skill level 3 in Conjurations
  1734 | D:2      | Identified the +0 robe of Agikh {rF+ Str+3}
  2206 | D:3      | Reached XP level 4. HP: 33/39 MP: 7/7
  3379 | D:4      | Reached XP level 5. HP: 29/44 MP: 8/8
  4129 | D:4      | Found a shimmering blue altar of Sif Muna.
  4130 | D:4      | Found a hide-covered altar of Uskayaw.
  4386 | D:4      | Noticed a black bear
  4396 | D:4      | Killed a black bear
  4397 | D:4      | Reached XP level 6. HP: 32/54 MP: 10/10
  4613 | D:4      | Noticed Robin
  4632 | D:4      | Killed Robin
  4761 | D:4      | Found a runed translucent door.
  4762 | D:4      | Noticed Crazy Yiuf
  4846 | D:5      | Entered Level 5 of the Dungeon
  5273 | D:5      | Reached skill level 4 in Conjurations
  5273 | D:5      | Reached XP level 7. HP: 60/60 MP: 11/11
  5286 | D:5      | Found Xihib's Antique Armour Shop.
  5295 | D:5      | Bought a pair of glowing gloves for 150 gold pieces
  5399 | D:5      | Found Vushrostre's Book Shop.
  5752 | D:5      | Found Vufarh Nege's Armour Shoppe.
  5998 | D:5      | Demolished by an ogre

Illustrated notes

Levels and vault maps discovered:
D:1:      elethiomel_arrival_shortcut, layout_basic
D:2:      layout_loops_ring, minmay_tetromino_s4
D:3:      layout_basic, minmay_fountain_box
D:4:      layout_loops_cross, mainiacjoe_overflow_divided_tiny,
          uniq_crazy_yiuf_cottage, uniq_robin
D:5:      layout_basic, serial_shops, nicolae_shop_statue_plus, shop, shop,
          shop, minmay_joined_circles

Skill      XL: |  1  2  3  4  5  6  7 |
---------------+----------------------+-----
Fighting       | 2 3 |  3.7
Spellcasting   | 2 3 |  3.5
Conjurations   | 3 4 |  4.3
Dodging        | 2 3 |  3.1
Axes           | 3 |  3.9

Action                     |  1- 3 |  4- 6 |  7- 9 || total
---------------------------+-------+-------+-------++-------
  Melee: Dagger            |   129 |   169 |    14 ||   312
         Hand axe          |     3 |       |       ||     3
         Tailslap          |    15 |    27 |     9 ||    51
         Punch             |       |     4 |     1 ||     5
         Mace              |       |     3 |    47 ||    50
   Fire: Arbalest          |       |     2 |     2 ||     4
    Use: Scroll            |     7 |       |       ||     7
         Potion            |       |       |     2 ||     2
 Armour: Leather armour    |    42 |       |       ||    42
         Plate armour      |    32 |   114 |    49 ||   195
  Dodge: Dodged            |    33 |    32 |    10 ||    75

Table legend: (Time is in decaauts)
 A = Elapsed time spent in this place.
 B = Non-inter-level travel time spent in this place.
 C = Inter-level travel time spent in this place.
 D = Time resting spent in this place.
 E = Time spent auto-exploring this place.
 F = Levels seen in this place.
 G = Mean time per level.
                   A        B        C        D        E       F      G
               +--------+--------+--------+--------+--------+-----+--------+
         Total |   6017 |   5834 |    183 |    825 |   4183 |   5 | 1203.4 |
       Dungeon |   6017 |   5834 |    183 |    825 |   4183 |   5 | 1203.4 |
               +--------+--------+--------+--------+--------+-----+--------+

Top non-repeatable levels by time:
     D:4: 1509 daAuts
     D:1: 1260 daAuts
     D:5: 1166 daAuts
     D:3: 1148 daAuts
     D:2: 933 daAuts
